 Dungeon Crawl Stone Soup version 0.22-a0-456-g11ed031 (webtiles) character file.

52 GameOver the Conjurer (level 3, -5/28 HPs)
             Began as a Naga Wizard on June 6, 2018.
             Splashed by a jelly's acid (10 damage)
             ... on level 2 of the Dungeon.
             The game lasted 00:03:53 (1146 turns).

GameOver the Conjurer (Naga Wizard)                 Turns: 1146, Time: 00:03:54

Health: -5/28      AC: -10   Str:  9    XL:     3   Next: 85%
Magic:  0/7        EV: 10    Int: 19    God:
Gold:   88         SH:  0    Dex:  9    Spells: 2/8 levels left

rFire    . . .     SeeInvis +   o - +0 spear
rCold    . . .     Gourm    .   (no shield)
rNeg     . . .     Faith    .   a - +0 robe
rPois    +         Spirit   .   b - +0 hat
rElec    .         Reflect  .   (no cloak)
rCorr    .         Harm     .   (no gloves)
MR       .....                  (no barding)
Stlth    ++........             (no amulet)
HPRegen  0.09/turn              (no ring)
MPRegen  0.10/turn              (no ring)

@: corroded, very slow
A: large, see invisible, deformed body, poison resistance, slowness 2, slow
metabolism 1, spit poison 1, AC +1
a: Spit Poison


You were on level 2 of the Dungeon.
You were not hungry.

You visited 1 branch of the dungeon, and saw 2 of its levels.

You collected 88 gold pieces.

Inventory:

Hand Weapons
 f - a +0 hunting sling
 o - a +0 spear (weapon)
Missiles
 g - 20 sling bullets
Armour
 a - a +0 robe (worn)
 b - a +0 hat (worn)
Scrolls
 c - a scroll of magic mapping {unknown}
 h - 2 scrolls of fear {unknown}
 i - 3 scrolls of teleportation {unknown}
 k - 3 scrolls of identify {unknown}
 n - a scroll of immolation {unknown}
Potions
 e - 3 potions of curing {unknown}
 l - a potion of berserk rage {unknown}
Comestibles
 d - 5 rations
 m - a chunk of flesh


   Skills:
 - Level 1.5 Dodging
 - Level 3.0 Stealth
 - Level 3.0 Spellcasting
 + Level 3.6 Conjurations
   Level 1.0 Summonings
 - Level 1.0 Translocations


You had 2 spell levels left.
You knew the following spells:

 Your Spells              Type           Power        Failure   Level  Hunger
a - Magic Dart            Conj           ###.         3%          1    None
b - Blink                 Tloc           N/A          16%         2    ##.....
d - Mephitic Cloud        Conj/Pois/Air  #.......     28%         3    ###....

Your spell library contained the following spells:

 Spells                   Type           Power        Failure   Level  Hunger
 Conjure Flame            Conj/Fire      #.......     22%         3    ###....
 Slow                     Hex            #.......     22%         2    ##.....
 Call Imp                 Summ           #.......     16%         2    ##.....


Dungeon Overview and Level Annotations

Branches:
Dungeon (2/15)

Altars:
Xom


Innate Abilities, Weirdness & Mutations

You cannot wear boots.
Your serpentine skin is tough. (AC +1)
You have supernaturally acute eyesight. (SInv)
Armour fits poorly on your strangely shaped body.
Your system is resistant to poisons. (rPois)
You cover ground very slowly.
You have a slow metabolism.
You can spit poison.


Message History

The jelly hits you. The acid corrodes you!
You are splashed with acid!
The acid burns!
* * * LOW HITPOINT WARNING * * *
Casting: Magic Dart (safe; 3% risk of failure)
Confirm with . or Enter, or press ? or * to list all spells.
You blink.
Casting: Blink (safe; 16% risk of failure)
Confirm with . or Enter, or press ? or * to list all spells.
You blink.
Casting: Blink (safe; 16% risk of failure)
Confirm with . or Enter, or press ? or * to list all spells.
Aiming: Magic Dart (safe; 3% risk of failure)
Press: ? - help, Shift-Dir - straight line, f/p - jelly
Aim: a jelly (heavily wounded)
The magic dart hits the jelly.
The jelly is severely wounded.
The jelly hits you.
* * * LOW HITPOINT WARNING * * *
The acid corrodes you!
You are splashed with acid!
The acid burns!
You die...

#.####.## .. #.# ######
.......# _.. #.# #.....
#.###..# ...####.# ##.#### #.#
#..# ##+##+#....# ##...## ..#
#..## ##J##.#....###.)...##
...†..#+##+##'#..#...........
##.####.............>##.....##
#. .........J...........÷## #.
).......@.......#######
.#####.###.#...## #. #.##.##
#. #.#### #. #.# #. #.# #. #.#
#. .># ###


You could see 2 jellies.

Vanquished Creatures
  An adder (D:2)
  A worm (D:2)
  A dart slug (D:1)
  5 bats
  4 giant cockroaches
  7 goblins
  4 hobgoblins (D:1)
  A quokka (D:2)
  5 frilled lizards
  3 kobolds
  4 rats
36 creatures vanquished.

Notes
Turn   | Place    | Note
-------+----------+-------------------------------------------
     0 | D:1      | GameOver the Naga Wizard began the quest for the Orb.
     0 | D:1      | Reached XP level 1. HP: 15/15 MP: 4/4
   155 | D:1      | Reached XP level 2. HP: 22/22 MP: 6/6
   636 | D:1      | Reached XP level 3. HP: 28/28 MP: 7/7
   640 | D:1      | Learned a level 2 spell: Blink
   644 | D:1      | Learned a level 3 spell: Mephitic Cloud
   965 | D:2      | Found a shimmering altar of Xom.
  1146 | D:2      | Splashed by a jelly's acid

Vault maps used:
D:1:      shiori_angband_town, minmay_domino_2
D:2:      dk_xom_monty_hall

Skill      XL: |  1  2  3 |
---------------+----------+-----
Conjurations   | 2 3 |  3.6
Dodging        | |  1.5
Stealth        | |  3.0
Spellcasting   | |  3.0
Summonings     | |  1.0
Translocations | |  1.0

Action                   || total
-------------------------++-------
Melee: Unarmed           ||     1
       Spear             ||     2
       Dagger            ||     1
 Cast: Magic Dart        ||    39
       Blink             ||     2
 Abil: Spit Poison       ||    30
 Stab: Distracted        ||     1
       Sleeping          ||     1
  Eat: Chunk             ||     2
Armor: Robe              ||     4
Dodge: Dodged            ||     8

Table legend:
 A = Spawn XP
 B = Non-spawn XP
 C = Spawn XP percentage of total XP
 D = Spawn monster count
 E = Non-spawn monster count
 F = Spawn count percentage of total count
 G = Total turns spent on level
                    A         B        C        D         E        F      G
               +---------+---------+-------+---------+---------+-------+---------
         Total |       0 |      75 |   0.0 |       0 |      36 |   0.0 |  1146
               +---------+---------+-------+---------+---------+-------+---------
           D:1 |       0 |      35 |   0.0 |       0 |      19 |   0.0 |   756
           D:2 |       0 |      40 |   0.0 |       0 |      17 |   0.0 |   390
               +---------+---------+-------+---------+---------+-------+---------
